 Dungeon Crawl Stone Soup version 0.32-a0-433-g08bcfe7efd (webtiles) character file.

Game seed: 10703871268081079032

73 runemasterragnar the Slasher (level 4, -3/35 HPs)
             Began as a Coglin Gladiator on Feb 22, 2024.
             Slain by an orc
             ... wielding a +0 flail
              (5 damage)
             ... on level 3 of the Dungeon.
             The game lasted 00:02:12 (1581 turns).

runemasterragnar the Slasher (Coglin Gladiator)     Turns: 1581, Time: 00:02:13

Health: -3/35      AC:  4    Str: 14    XL:     4   Next: 27%
Magic:  4/4        EV: 12    Int:  7    God:
Gold:   126        SH:  0    Dex: 18    Spells: 3/3 levels left

rFire   . . .        a - +0 long sword {Jia}
rCold   . . .        w - +4 trident {Yongsun}
rNeg    . . .        b - +0 leather armour
rPois   .            c - +0 helmet
rElec   .            (no cloak)
rCorr   .            (no gloves)
SInv    .            (no boots)
Will    .....        (no amulet)
Stlth   +            (no ring)
HPRegen 0.25/turn    (no ring)
MPRegen 0.09/turn

%: no passive effects
@: brilliant, immotile, revved
A: off-hand wielding, slow wielding, warmup strikes, legs shutdown
a: no special abilities


You were on level 3 of the Dungeon.
You visited 1 branch of the dungeon, and saw 3 of its levels.

You collected 126 gold pieces.

Inventory:

Hand Weapons
 a - a +0 long sword (weapon) {Jia}
 k - a +0 mace {Ingwe}
 w - a +4 trident (offhand) {Yongsun}
Missiles
 d - 2 throwing nets (quivered)
 e - a javelin
 u - 4 boomerangs
Armour
 b - a +0 leather armour (worn)
 c - a +0 helmet (worn)
 v - a +0 ring mail
Talismans
 s - a blade talisman
Scrolls
 f - a scroll of teleportation {unknown}
 i - a scroll of revelation {unknown}
 j - 4 scrolls of identify {unknown}
 q - a scroll of fear {unknown}
 r - a scroll of blinking {unknown}
 t - a scroll of enchant armour {unknown}
Potions
 g - a potion of degeneration {unknown}
 h - a potion of heal wounds {unknown}
 l - 2 potions of brilliance
 m - a potion of invisibility {unknown}
 n - a potion of lignification {unknown}
 o - a potion of ambrosia
 p - a potion of might {unknown}


   Skills:
 + Level 3.0 Fighting
 * Level 4.4 Long Blades
 - Level 1.7 Throwing
 - Level 2.6 Dodging


You had 3 spell levels left.
You didn't know any spells.
Your spell library contained the following spells:

 Spells                   Type           Power      Damage    Failure   Level
 Cigotuvi's Dreadful Rot  Necr/Alch/Air  0%         N/A       65%         2
 Summon Ice Beast         Ice/Summ       0%         N/A       87%         3
 Dispel Undead            Necr           0%         3d6       99%         4
 Martyr's Knell           Necr/Summ      0%         N/A       99%         4
 Summon Mana Viper        Hex/Summ       0%         N/A       100%        5
 Death Channel            Necr           0%         N/A       100%        6
 Monstrous Menagerie      Summ           0%         N/A       100%        7


Dungeon Overview and Level Annotations

Branches:
Dungeon (3/15)

Altars:

Shops:
D:1 *


Innate Abilities, Weirdness & Mutations

You can wield a second weapon in your off-hand.
It takes a long time for you to wield or remove held weapons.
Your first few attacks do less damage.
Attacking and casting redirects power from your legs.


Message History

You cannot move. (Use ctrl+direction or * direction to attack while stationary and confused.) Unknown command.
You cannot move. (Use ctrl+direction or * direction to attack while stationary and confused.)
You cannot move. (Use ctrl+direction or * direction to attack while stationary and confused.)
You cannot move. (Use ctrl+direction or * direction to attack while stationary and confused.)
You cannot move. (Use ctrl+direction or * direction to attack while stationary and confused.)
You swing at nothing.
You are no longer unable to travel.
The orc misses you.
The orc hits you with a +2 mace of holy wrath.
The orc priest hits you with a +3 hand axe.
Something hits you.
You're too confused to attack without stumbling around!
You're too confused to attack without stumbling around!
You're too confused to attack without stumbling around!
Something hits you. The orc priest misses you.
You see here a +0 club.
You barely miss the orc with your +0 long sword.
You hit the orc with your +4 trident.
You feel less invigorated.
You feel less confused. Something hits you but does no damage.
The orc priest closely misses you. The orc hits you with a +0 flail.
The orc priest looks braver for a moment.
Something hits you.
You hit the orc but do no damage.
The orc is moderately wounded.
You hit the orc but do no damage.
The orc hits you with a +2 mace of holy wrath.
* * * LOW HITPOINT WARNING * * *
The orc closely misses you.
The orc priest calls upon Beogh to heal the orc.
The orc's wounds heal themselves!
Something hits you.
* * * LOW HITPOINT WARNING * * *
The orc hits you with a +2 mace of holy wrath.
* * * LOW HITPOINT WARNING * * *
The orc closely misses you.
You hit the orc priest with your +0 long sword.
You kill the orc priest!
Something barely misses you. The orc hits you with a +0 flail.
You die...

#......#
#........
#......#
#........
########
#........
#........
#...>....
#########........
#.......$........
#......o..#######
#.....@o..#
#.....)...#
#.........#
#.........#
#.........#
#.........#
#.........#
#.........#


You could see 2 orcs.

Vanquished Creatures
  An orc priest (D:3)
  2 adders (D:2)
  A dart slug (D:2)
  An orc (D:3)
  7 ball pythons
  5 endoplasms
  3 giant cockroaches
  10 hobgoblins
  4 kobolds
  A quokka (D:1)
  5 bats
  5 frilled lizards
  2 goblins
  5 rats
52 creatures vanquished.

Notes
Turn   | Place    | Note
-------+----------+-------------------------------------------
     0 | D:1      | runemasterragnar the Coglin Gladiator began the quest for
                  | the Orb.
     0 | D:1      | Reached XP level 1. HP: 16/16 MP: 1/1
    87 | D:1      | Reached XP level 2. HP: 21/22 MP: 2/2
   159 | D:1      | Found Peirgh's General Store.
   364 | D:1      | Reached XP level 3. HP: 26/28 MP: 3/3
   715 | D:2      | Reached skill level 4 in Long Blades
  1233 | D:2      | Reached XP level 4. HP: 30/34 MP: 4/4
  1581 | D:3      | Slain by an orc

Illustrated notes

Levels and vault maps discovered:
D:1:      beargit_arrival_greenhouse, layout_loops_cross, serial_shops, shop
D:2:      layout_rooms
D:3:      layout_basic

Skill      XL: |  1  2  3  4 |
---------------+-------------+-----
Long Blades    | 4 |  4.4
Fighting       | 3 |  3.0
Throwing       | |  1.7
Dodging        | |  2.6

Action                     |  1- 3 |  4- 6 || total
---------------------------+-------+-------++-------
  Melee: Long sword        |    81 |    21 ||   102
         Mace              |    36 |    15 ||    51
         Trident           |       |     7 ||     7
  Throw: Throwing net      |       |     1 ||     1
    Use: Potion            |       |     2 ||     2
   Stab: Sleeping          |     1 |       ||     1
 Armour: Leather armour    |    56 |    26 ||    82
  Dodge: Dodged            |    67 |    34 ||   101

Table legend: (Time is in decaauts)
 A = Elapsed time spent in this place.
 B = Non-inter-level travel time spent in this place.
 C = Inter-level travel time spent in this place.
 D = Time resting spent in this place.
 E = Time spent auto-exploring this place.
 F = Levels seen in this place.
 G = Mean time per level.
                   A        B        C        D        E       F      G
               +--------+--------+--------+--------+--------+-----+--------+
         Total |   1610 |   1561 |     49 |    190 |    996 |   3 |  536.7 |
       Dungeon |   1610 |   1561 |     49 |    190 |    996 |   3 |  536.7 |
               +--------+--------+--------+--------+--------+-----+--------+

Top non-repeatable levels by time:
     D:2: 752 daAuts
     D:1: 720 daAuts
     D:3: 137 daAuts
